 Dungeon Crawl Stone Soup version 0.19.3-4-gbf9329e (webtiles) character file.

4666 Krakonus1 the Cleaver (level 10, -7/77 HPs)
             Began as a Minotaur Berserker on Nov 19, 2016.
             Was a High Priest of Trog.
             Killed from afar by an electric eel (12 damage)
             ... with a bolt of electricity
             ... in a bailey on Jan 30, 2017.
             The game lasted 01:42:28 (7589 turns).

Krakonus1 the Cleaver (Minotaur Berserker)          Turns: 7589, Time: 01:42:29

Health: -7/77      AC: 10    Str: 21    XL:     10   Next: 20%
Magic:  8/8        EV: 15    Int:  4    God:    Trog [*****.]
Gold:   142        SH: 16    Dex: 14    Spells: 0 memorised, 9 levels left

rFire  . . .     SeeInvis .     a - +3 hand axe
rCold  . . .     Gourm    +     S - +1 scale mail {MR+}
rNeg   . . .     Faith    .     n - +0 large shield
rPois  .         Spirit   .     (helmet unavailable)
rElec  .         Reflect  .     K - +0 cloak
rCorr  .         Harm     .     (no gloves)
MR     ++...                    (no boots)
Stlth  ..........               p - amulet of the gourmand
                                X - +5 ring of evasion
                                B - ring of protection from magic

@: no status effects
A: retaliatory headbutt, horns 3, frail 1, low mp 1
a: Berserk, Trog's Hand, Brothers in Arms, Burn Spellbooks, Renounce Religion


You were in a bailey.
You worshipped Trog.
Trog was extremely pleased with you.
You were completely stuffed.

You visited 2 branches of the dungeon, and saw 8 of its levels.
You also visited: Sewer and Bailey.

You collected 331 gold pieces.
You spent 189 gold pieces at shops.

Inventory:

Hand Weapons
 a - a +3 hand axe (weapon)
 j - a +0 hunting sling
 l - a +0 hand axe of electrocution
 s - a +0 fustibalus
Missiles
 i - 258 stones (quivered)
 m - 109 bolts
 q - 7 curare-tipped needles
 t - 38 sling bullets
 A - 3 javelins
 U - 5 tomahawks
 Y - 83 arrows
Armour
 g - a +0 plate armour
 n - a +0 large shield (worn)
 I - the +1 chain mail "Holet" {rElec rC- rN+++ Dex-5}
   (You found it in a bailey)

   It affects your dexterity (-5).
   It makes you vulnerable to cold.
   It insulates you from electricity.
   It renders you almost immune to negative energy.
 K - a +0 cloak (worn)
 S - a +1 scale mail of magic resistance (worn)
Jewellery
 p - an amulet of the gourmand (around neck)
 y - an uncursed amulet of regeneration
 B - a ring of protection from magic (left hand)
 X - a +5 ring of evasion (right hand)
Wands
 e - a wand of confusion (25/48)
 v - a wand of iceblast (0/15)
 G - a wand of flame (17/48)
 H - a wand of digging (19/24)
 J - a wand of teleportation (1/9)
Scrolls
 b - a scroll of remove curse
 f - 3 scrolls of fog
 k - a scroll of identify
 o - a scroll of noise
 F - 3 scrolls of recharging
 Q - 2 scrolls of teleportation
Potions
 h - 2 potions of agility
 r - a potion of mutation
 u - a potion of brilliance
 C - a potion of cure mutation
 D - 3 potions of flight
 N - a potion of curing
 O - 3 potions of ambrosia
 R - 2 potions of haste
 T - 4 potions of might
Comestibles
 c - 6 bread rations
 d - 9 meat rations
 w - 3 beef jerkies
 E - a chunk of flesh
 L - 2 slices of pizza
 Z - 14 fruits


   Skills:
 + Level 7.3 Fighting
 + Level 10.9 Axes
 - Level 0.4 Slings
 + Level 8.7 Armour
 * Level 6.1 Dodging
 * Level 7.9 Shields


You had 9 spell levels left.
You didn't know any spells.

Dungeon Overview and Level Annotations

Branches:
Dungeon (7/15)             Temple (1/1) D:7

Altars:
Ashenzari
Cheibriados
Dithmenos
Elyvilon
Fedhas
Gozag
Hepliaklqana
Kikubaaqudgha
Makhleb
Nemelex Xobeh
Okawaru
Qazlal
Ru
Sif Muna
Trog
Uskayaw
Vehumet
Xom
Yredelemnul
Zin
The Shining One

Shops:
D:4 %}[


Innate Abilities, Weirdness & Mutations

You reflexively headbutt those who attack you in melee.
You have a pair of large horns on your head.
You are frail. (-10% HP)
Your magical capacity is low. (-10% MP)


Message History

You miss the electric eel. You hit the electric eel.
The electric eel is moderately wounded.
The electric eel shoots out a bolt of lightning at you!
The bolt of electricity hits you!
You slash the electric eel!
You kill the electric eel!
Trog accepts your kill.
You enter the shallow water.
Moving in this stuff is going to be slow.
The electric eel shoots out a bolt of lightning at you!
The bolt of electricity misses you. The bolt of electricity hits you!
* * * LOW HITPOINT WARNING * * *
The bolt of electricity hits the electric eel.
The electric eel completely resists.
The electric eel shoots out a bolt of lightning at you!
The bolt of electricity hits you!
* * * LOW HITPOINT WARNING * * *
The bolt of electricity hits you!
You die...

#''#####....#..#.#..#.;≈≈≈≈
#......#....#[[#.#))#.≈≈≈≈≈
#.....)#))..#.[#.#))#.≈≈≈≈≈
####..)).).#####'######≈≈≈≈
...#.8)8.8.'.....#....#≈≈≈≈
...#.......#.....#....# ≈≈≈
#.)#######'#######..#'# ≈≈
#.)'.............)..#.#
####≈≈≈≈≈≈≈≈≈≈≈≈@######
≈≈≈≈≈≈≈≈≈≈≈≈≈≈≈≈;≈≈≈≈≈≈≈
≈≈≈≈≈≈≈≈≈≈≈≈≈≈≈≈≈≈≈≈≈≈≈;
≈≈≈≈≈≈≈≈≈≈≈≈≈≈≈≈≈≈≈≈≈≈≈≈
≈≈≈≈≈≈≈≈≈≈≈≈≈≈≈≈≈≈≈≈≈≈≈≈
≈≈≈≈≈≈≈≈≈≈≈≈≈≈≈≈≈≈≈≈≈≈≈≈
≈≈≈≈≈≈≈≈≈≈≈≈≈≈≈≈≈≈≈≈≈≈≈≈
≈≈≈≈≈≈≈≈≈≈≈≈≈≈≈


You could see 2 electric eels.

Vanquished Creatures
  An orc high priest (Bailey)
  An orc knight (Bailey)
  A kobold demonologist (Bailey)
  The ghost of Mitch the Covert, a novice OpAs of Dithmenos (D:5)
  Sigmund (D:5)
  Duvessa (D:7)
  A black bear (D:6)
  An ice beast (D:7)
  4 orc warriors (Bailey)
  3 sky beasts
  A phantom (D:5)
  A centaur (D:5)
  2 ogres
  3 bullfrogs (D:6)
  Dowan (D:7)
  A water moccasin zombie (D:6)
  2 scorpions (D:6)
  3 electric eels (Bailey)
  3 howler monkeys (D:7)
  2 crimson imps
  2 iguanas
  A jelly (D:5)
  3 orc priests
  9 orc wizards
  Jessica (D:3)
  Ijyb (D:3)
  Terence (D:3)
  3 worker ants
  A hound zombie (D:6)
  8 gnolls
  14 adders
  2 river rats (D:4)
  An ooze (D:1)
  An adder zombie (D:6)
  An adder skeleton (D:6)
  4 worms
  A dart slug (D:3)
  5 leopard geckos
  33 orcs
  6 bats
  3 giant cockroaches
  19 goblins
  12 hobgoblins
  14 jackals
  4 quokkas
  7 ball pythons
  3 frilled lizards
  2 gnoll zombies (D:2)
  A jackal zombie (D:5)
  17 kobolds
  A quokka zombie (D:5)
  10 rats
  37 plants (Sewer)
262 creatures vanquished.

Vanquished Creatures (others)
  A quokka (D:3)
1 creature vanquished.

Grand Total: 263 creatures vanquished

Notes
Turn   | Place    | Note
-------+----------+-------------------------------------------
     0 | D:1      | Krakonus1 the Minotaur Berserker began the quest for the Orb.
     0 | D:1      | Reached XP level 1. HP: 19/19 MP: 0/0
    74 | D:1      | Reached skill level 4 in Axes
   107 | D:1      | Reached XP level 2. HP: 20/27 MP: 1/1
   466 | D:1      | Reached XP level 3. HP: 33/33 MP: 2/2
   714 | D:2      | Reached ** piety under Trog
   780 | D:2      | Reached XP level 4. HP: 40/40 MP: 3/3
  1007 | D:2      | Reached skill level 5 in Axes
  1479 | D:2      | Found a basalt altar of Yredelemnul.
  1576 | D:2      | Upgraded the game from 0.19.0-22-gd96e5fe to 0.19.0-24-gb05acd6
  1705 | D:3      | Noticed Ijyb
  1717 | D:3      | Killed Ijyb
  1717 | D:3      | Reached XP level 5. HP: 33/47 MP: 4/4
  1833 | D:3      | Noticed Terence
  1842 | D:3      | Killed Terence
  1914 | D:3      | Reached *** piety under Trog
  2173 | D:3      | Found a white marble altar of Elyvilon.
  2199 | D:3      | Noticed Jessica
  2210 | D:3      | Killed Jessica
  2305 | D:3      | Found a shadowy altar of Dithmenos.
  2306 | D:3      | Found a burning altar of Makhleb.
  2535 | D:4      | Reached XP level 6. HP: 49/53 MP: 5/5
  2588 | D:4      | Reached skill level 6 in Axes
  2588 | D:4      | Reached skill level 5 in Armour
  2663 | D:4      | Found Gotoc's Antique Armour Emporium.
  2692 | D:4      | Bought a buckler for 112 gold pieces
  2715 | D:4      | Reached skill level 5 in Fighting
  2777 | D:4      | Reached XP level 7. HP: 61/61 MP: 6/6
  2787 | D:4      | Found a glowing drain.
  2819 | Sewer    | Entered a sewer
  3447 | Sewer    | Reached skill level 7 in Axes
  3917 | D:4      | Found Rigag's Gadget Shop.
  4013 | D:4      | Found Miopet's Food Shop.
  4017 | D:4      | Bought a slice of pizza for 19 gold pieces
  4017 | D:4      | Bought 2 fruits for 39 gold pieces
  4017 | D:4      | Bought a slice of pizza for 19 gold pieces
  4161 | D:4      | Reached **** piety under Trog
  4267 | D:5      | Entered Level 5 of the Dungeon
  4267 | D:5      | Found a shimmering altar of Xom.
  4289 | D:5      | Found a shimmering altar of Xom.
  4305 | D:5      | Found a shimmering altar of Xom.
  4305 | D:5      | Found a shimmering altar of Xom.
  4306 | D:5      | Found a shimmering altar of Xom.
  4306 | D:5      | Found a shimmering altar of Xom.
  4308 | D:5      | Found a shimmering altar of Xom.
  4595 | D:5      | Noticed Mitch's ghost (novice OpAs)
  4597 | D:5      | Reached skill level 1 in Shields
  4606 | D:5      | Killed Mitch's ghost
  4606 | D:5      | Reached skill level 8 in Axes
  4606 | D:5      | Reached XP level 8. HP: 69/69 MP: 7/7
  4725 | D:5      | Noticed Sigmund
  4732 | D:5      | Killed Sigmund
  5382 | D:6      | Gained mutation: You are frail. (-10% HP) [potion of mutation]
  5382 | D:6      | Gained mutation: Your magical capacity is low. (-10% MP) [potion of mutation]
  5382 | D:6      | Gained mutation: You have a pair of large horns on your head. [potion of mutation]
  5481 | D:6      | Reached skill level 9 in Axes
  5667 | D:6      | Reached XP level 9. HP: 63/70 MP: 7/7
  5822 | D:6      | Found a white marble altar of Elyvilon.
  5822 | D:6      | Found a glowing golden altar of the Shining One.
  5822 | D:6      | Found a glowing silver altar of Zin.
  6152 | D:6      | Upgraded the game from 0.19.0-24-gb05acd6 to 0.19.3-4-gbf9329e
  6241 | D:7      | Reached ***** piety under Trog
  6250 | D:7      | Noticed Duvessa
  6254 | D:7      | Reached skill level 5 in Dodging
  6259 | D:7      | Noticed Dowan
  6261 | D:7      | Killed Duvessa
  6269 | D:7      | Killed Dowan
  6269 | D:7      | Reached skill level 10 in Axes
  6342 | D:7      | Found a sacrificial altar of Ru.
  6480 | D:7      | Found a stormy altar of Qazlal.
  6597 | D:7      | Found a staircase to the Ecumenical Temple.
  6603 | Temple   | Entered the Ecumenical Temple
  6861 | D:7      | Found a flagged portal.
  6870 | Bailey   | Entered a bailey
  6889 | Bailey   | Reached skill level 5 in Shields
  6957 | Bailey   | Found an iron altar of Okawaru.
  6957 | Bailey   | Noticed a kobold demonologist
  6957 | Bailey   | Noticed an orc high priest
  6959 | Bailey   | Noticed a hellwing
  6962 | Bailey   | Noticed an ice devil
  6965 | Bailey   | Killed an orc high priest
  6973 | Bailey   | Killed a kobold demonologist
  7032 | Bailey   | Reached XP level 10. HP: 77/77 MP: 8/8
  7224 | Bailey   | Got a tattered robe
  7226 | Bailey   | Got a jewelled chain mail
  7237 | Bailey   | Identified the cursed +0 robe of the Beekeeper {rElec Slay+3} (You found it in a bailey)
  7248 | Bailey   | Identified the cursed +1 chain mail "Holet" {rElec rC- rN+++ Dex-5} (You found it in a bailey)
  7367 | Bailey   | Noticed an orc knight
  7384 | Bailey   | Killed an orc knight
  7589 | Bailey   | Killed from afar by an electric eel

Skill      XL: |  1  2  3  4  5  6  7  8  9 10 |
---------------+-------------------------------+-----
Axes           | 4 5 6 8 9 10 | 10.9
Fighting       | 4 5 6 7 |  7.3
Armour         | 3 4 5 6 8 |  8.7
Dodging        | 3 4 5 6 |  6.1
Shields        | 1 3 7 |  7.9
Slings         | |  0.4

Action                   |  1- 3 |  4- 6 |  7- 9 | 10-12 || total
-------------------------+-------+-------+-------+-------++-------
Melee: Hand axe          |    52 |   129 |   480 |    48 ||   709
       Headbutt          |     4 |    22 |   139 |     9 ||   174
 Fire: Hunting sling     |     3 |       |       |       ||     3
Invok: Berserk           |     3 |     5 |     7 |     2 ||    17
       Trog's Hand       |       |     2 |       |       ||     2
       Burn Spellbooks   |       |       |     1 |       ||     1
Evoke: Wand              |       |       |     1 |     2 ||     3
  Use: Potion            |     2 |     5 |     8 |       ||    15
       Scroll            |     8 |     4 |     5 |     2 ||    19
 Stab: Sleeping          |     1 |       |       |       ||     1
  Eat: Chunk             |    12 |    18 |    22 |     5 ||    57
Armor: Animal skin       |     9 |       |       |       ||     9
       Chain mail        |    10 |    28 |       |       ||    38
       Scale mail        |       |    18 |    71 |       ||    89
Dodge: Dodged            |    35 |    58 |    60 |    14 ||   167
Block: Buckler           |       |     1 |    14 |       ||    15
       Large shield      |       |       |    93 |    15 ||   108
